 Dungeon Crawl Stone Soup version 0.29-a0-323-g050149af67 (webtiles) character file.

Game seed: 13005722514815333153

5053 kae the Zephyrmancer (level 10, 0/100 HPs)
             Began as an Ogre Air Elementalist on Apr 10, 2022.
             Was an Initiate of Gozag.
             Killed by their own static electricity (3 damage)
             ... on level 8 of the Dungeon.
             The game lasted 00:07:42 (12200 turns).

kae the Zephyrmancer (Ogre Air Elementalist)       Turns: 12200, Time: 00:07:42

Health: 0/100      AC:  7    Str: 14    XL:     10   Next: 56%
Magic:  13/22      EV: 10    Int: 20    God:    Gozag
Gold:   452        SH:  0    Dex:  9    Spells: 16/26 levels left

rFire   . . .      SeeInvis .   f - +0 short sword (vorpal)
rCold   . . .      Faith    .   (no shield)
rNeg    + . .      Spirit   .   x - +0 steam dragon scales
rPois   +          Reflect  .   (helmet restricted)
rElec   .          Harm     .   z - +0 cloak
rCorr   .          Rampage  .   (gloves unavailable)
Will    +....                   (boots unavailable)
Stlth   +.........              (no amulet)
HPRegen 0.26/turn               k - ring of positive energy
MPRegen 0.18/turn               r - ring of poison resistance

@: gold aura
A: large, unfitting armour, tough skin 1
a: Renounce Religion, Potion Petition, Call Merchant, Bribe Branch


You were on level 8 of the Dungeon.
You worshipped Gozag.
Gozag was aware of your devotion.
You visited 2 branches of the dungeon, and saw 10 of its levels.

You collected 740 gold pieces.
You spent 172 gold pieces at shops.
You paid 116 gold pieces to Gozag.

Inventory:

Hand Weapons
 f - a +0 vorpal short sword (weapon)
Armour
 x - +0 steam dragon scales (worn)
 z - a +0 cloak (worn)
Jewellery
 k - a ring of positive energy (left hand)
 r - a ring of poison resistance (right hand)
Wands
 l - a wand of iceblast (9)
 u - a wand of paralysis (4)
 w - a wand of charming (5)
Scrolls
 d - 2 scrolls of enchant armour
 e - 4 scrolls of magic mapping
 h - a scroll of immolation
 s - a scroll of blinking
 t - a scroll of identify
 v - a scroll of amnesia
 y - 2 scrolls of holy word
Potions
 a - a potion of berserk rage
 b - 5 potions of magic
 c - 2 potions of brilliance
 g - 4 potions of mutation
 i - 2 potions of degeneration
 j - 2 potions of haste
 m - 2 potions of invisibility
 n - 6 potions of lignification
 o - 6 potions of curing
 p - 2 potions of heal wounds
 q - a potion of might


   Skills:
 + Level 6.5 Fighting
 + Level 2.6 Dodging
 - Level 1.4 Stealth
 + Level 8.8 Spellcasting
 + Level 7.0 Conjurations
 * Level 10.4 Air Magic


You had 16 spell levels left.
You knew the following spells:

 Your Spells              Type           Power      Damage    Failure   Level
a - Shock                 Conj/Air       100%       1d9       1%          1
b - Static Discharge      Conj/Air       43%        N/A       1%          2
c - Swiftness             Air            50%        N/A       1%          3
d - Airstrike             Air            25%        N/A       1%          4

Your spell library contained the following spells:

 Spells                   Type           Power      Damage    Failure   Level
 Summon Small Mammal      Summ           32%        N/A       8%          1
 Sublimation of Blood     Necr           8%         N/A       12%         2
 Wereblood                Tmut           8%         N/A       12%         2
 Call Canine Familiar     Summ           8%         N/A       24%         3
 Portal Projectile        Hex/Tloc       16%        N/A       24%         3
 Summon Guardian Golem    Hex/Summ       8%         N/A       24%         3
 Blade Hands              Tmut           4%         N/A       91%         5
 Excruciating Wounds      Necr           4%         N/A       91%         5
 Summon Hydra             Summ           4%         N/A       100%        7


Dungeon Overview and Level Annotations

Branches:
Dungeon (9/15)             Temple (1/1) D:7            Lair (0/6) D:8
    Orc: D:9-12

Altars:
Cheibriados
Dithmenos
Elyvilon
Fedhas
Gozag
Hepliaklqana
Kikubaaqudgha
Makhleb
Nemelex Xobeh
Okawaru
Qazlal
Ru
Sif Muna
Trog
Uskayaw
Vehumet
Wu Jian
Xom
Yredelemnul
Zin
The Shining One

Shops:
D:3 ?   D:9 !


Innate Abilities, Weirdness & Mutations

You are too large for most types of armour.
You have tough skin. (AC +1)


Message History

The yak is heavily wounded.
You are struck by an arc of lightning.
The yak is struck by an arc of lightning.
The yak is severely wounded.
The lightning grounds out.
The yak is struck by an arc of lightning.
The yak is severely wounded.
You are struck by an arc of lightning.
The lightning grounds out.
The yak gores you! x2
The yak gores you. x2
Casting: Static Discharge (safe; 1% risk of failure)
Confirm with . or Enter, or press ? or * to list all spells.
The yak is struck by an arc of lightning!
The yak is severely wounded.
The lightning grounds out.
The yak is struck by an arc of lightning.
The yak is almost dead.
You are struck by an arc of lightning.
The yak is struck by an arc of lightning.
The yak is severely wounded.
The lightning grounds out.
The yak closely misses you. The yak gores you!
* * * LOW HITPOINT WARNING * * *
The yak barely misses you. The yak gores you!
* * * LOW HITPOINT WARNING * * *
Casting: Static Discharge (safe; 1% risk of failure)
Confirm with . or Enter, or press ? or * to list all spells.
The yak is struck by an arc of lightning.
The yak is almost dead.
You are struck by an arc of lightning.
* * * LOW HITPOINT WARNING * * *
The yak is struck by an arc of lightning.
The yak is almost dead.
You are struck by an arc of lightning.
* * * LOW HITPOINT WARNING * * *
The lightning grounds out.
The yak is struck by an arc of lightning!
You kill the yak!
You are struck by an arc of lightning.
You die...
Your body crumbles into a pile of gold.

#.........# #.#
#....#.##.# ###'##
#....#.##.# #....#####
#....+..#.# #.........
#....#..#.####....#####
#.......#.##.....))....
#.......#.##.####..####
#.....$##....####..####
#.....@$...............
#....Y####........<....
#.#.#.####...####.#####
# #.#.#...............#
#######
#.#.#############.#.#
......#
#.#.............#...#
#####.#
#.#############.##..#
..# #.# #.# #.##..#
#.###.## #.# #.##..#


You could see a yak.

Vanquished Creatures
  An elephant (D:8)
  Maggie (D:8)
  An unseen horror (D:8)
  A hornet (D:6)
  2 wyverns
  8 yaks (D:8)
  2 steam dragons
  A water moccasin (D:7)
  2 orc warriors
  A sky beast (D:6)
  4 black bears
  2 ogres (D:6)
  3 phantoms
  Blork the orc (D:5)
  A kobold brigand (D:8)
  A necrophage (D:6)
  A scorpion (D:7)
  4 killer bees (D:8)
  3 howler monkeys
  3 hounds
  5 jellies
  4 orc priests
  3 iguanas
  An orc wizard (D:4)
  4 adders
  4 gnolls
  A white imp (D:5)
  2 ufetubi
  A worm (D:4)
  A dart slug (D:4)
  10 orcs
  5 bats
  6 endoplasms
  2 giant cockroaches
  5 hobgoblins
  2 quokkas (D:1)
  9 ball pythons
  4 frilled lizards
  5 goblins
  16 kobolds
  7 rats
140 creatures vanquished.

Vanquished Creatures (others)
  2 fungi (D:8)
  2 plants (D:8)
4 creatures vanquished.

Grand Total: 144 creatures vanquished

Notes
Turn   | Place    | Note
-------+----------+-------------------------------------------
     0 | D:1      | kae the Ogre Air Elementalist began the quest for the Orb.
     0 | D:1      | Reached XP level 1. HP: 16/16 MP: 3/3
    62 | D:1      | Reached skill level 1 in Conjurations
   277 | D:1      | Reached XP level 2. HP: 13/24 MP: 2/5
   426 | D:1      | Reached skill level 3 in Air Magic
   984 | D:1      | Reached XP level 3. HP: 31/31 MP: 4/7
  1750 | D:2      | Found a faded altar of an unknown god.
  2133 | D:2      | Found a blossoming altar of Fedhas.
  2444 | D:3      | Found Bezaud's Magic Scroll Emporium.
  2449 | D:3      | Bought a scroll of magic mapping for 45 gold pieces
  2449 | D:3      | Bought a scroll of identify for 26 gold pieces
  2449 | D:3      | Bought a scroll of identify for 26 gold pieces
  2480 | D:3      | Reached skill level 7 in Air Magic
  2480 | D:3      | Reached XP level 4. HP: 39/39 MP: 8/12
  2484 | D:3      | Learned a level 2 spell: Static Discharge
  2488 | D:3      | Learned a level 3 spell: Swiftness
  2493 | D:3      | Learned a level 4 spell: Airstrike
  2524 | D:3      | Reached skill level 5 in Conjurations
  2600 | D:3      | Reached XP level 5. HP: 41/45 MP: 9/13
  3576 | D:4      | Reached XP level 6. HP: 30/53 MP: 7/15
  3920 | D:4      | Noticed an orc warrior
  3942 | D:4      | Killed an orc warrior
  3943 | D:4      | Reached skill level 8 in Air Magic
  4270 | D:4      | You fall into a shaft and drop 3 floors!
  4311 | D:6      | Reached XP level 7. HP: 60/61 MP: 5/17
  4417 | D:5      | Entered Level 5 of the Dungeon
  4484 | D:5      | Reached skill level 1 in Fighting
  5089 | D:5      | Found a burning altar of Makhleb.
  5128 | D:5      | Noticed Blork the orc
  5379 | D:5      | Killed Blork the orc
  5668 | D:5      | Found a sacrificial altar of Ru.
  5700 | D:5      | Reached XP level 8. HP: 63/72 MP: 2/18
  6324 | D:6      | Noticed a hornet
  6335 | D:6      | Killed a hornet
  6707 | D:6      | Reached skill level 9 in Air Magic
  6977 | D:6      | Reached XP level 9. HP: 77/84 MP: 16/20
  7375 | D:7      | Found a shimmering blue altar of Sif Muna.
  7381 | D:7      | Found a sparkling altar of Nemelex Xobeh.
  7381 | D:7      | Found a snail-covered altar of Cheibriados.
  7491 | D:7      | Found a staircase to the Ecumenical Temple.
  7503 | Temple   | Entered the Ecumenical Temple
  7733 | Temple   | Became a worshipper of Gozag Ym Sagoz the Greedy
  8716 | D:8      | Found a staircase to the Lair.
  8716 | D:8      | Noticed an elephant
  9204 | D:8      | Noticed Maggie
  9238 | D:8      | Reached skill level 5 in Fighting
  9324 | D:8      | Killed Maggie
  9781 | D:8      | Killed an elephant
  9782 | D:8      | Reached XP level 10. HP: 96/96 MP: 1/22
  9976 | D:8      | Killed an unseen horror
  9977 | D:8      | Reached skill level 10 in Air Magic
 11827 | D:9      | Found Nerufic's Distillery.
 11835 | D:9      | Bought a potion of berserk rage for 75 gold pieces
 11842 | D:9      | Found an iron altar of Okawaru.
 11886 | D:9      | Noticed a kobold demonologist
 11898 | D:9      | Noticed a soul eater
 12200 | D:8      | HP: 3/100 [/static electricity (3)]
 12200 | D:8      | Killed from afar by themself

Illustrated notes

Levels and vault maps discovered:
D:1:      amcnicky_arrival_blooded_trapdoor, layout_rooms, serial_curves,
          eino_curves_04, eino_curves_04, eino_curves_01, eino_curves_03
D:2:      layout_basic, basic_altar, hellmonk_ecumenical_altar_leap_of_faith
D:3:      layout_basic, serial_shops, nicolae_shop_hallway_plus
D:4:      layout_basic, guppyfry_early_orc_mine
D:5:      layout_basic, lightli_temple_of_fire, mainiacjoe_overflow_chevrons,
          minmay_misc_feat_diagonals, uniq_blork_the_orc
D:6:      layout_loops_cross, serial_bayou_pond_e,
          hangedman_decor_diamond_cutter, chequers_serial_rivers_micro_c
D:7:      layout_layer_cave, grunt_temple_overflow_open,
          minmay_temple_entry_proselytizer
D:8:      layout_basic, david_lair_generic, uniq_maggie
D:9:      layout_irregular_city, nicolae_overflow_hidden_temple,
          kennysheep_mini, serial_shops, shop
Temple:   regret_index_temple_generic_petals

Skill      XL: |  1  2  3  4  5  6  7  8  9 10 |
---------------+-------------------------------+-----
Conjurations   | 1 4 5 6 7 |  7.0
Air Magic      | 3 7 8 9 10 | 10.4
Spellcasting   | 6 7 8 |  8.8
Fighting       | 2 3 5 6 |  6.5
Dodging        | 2 |  2.6
Stealth        | |  1.4

Action                   |  1- 3 |  4- 6 |  7- 9 | 10-12 || total
-------------------------+-------+-------+-------+-------++-------
Melee: Unarmed           |    16 |       |       |       ||    16
       Short sword       |    35 |       |    18 |     5 ||    58
 Cast: Shock             |    60 |    80 |    98 |    28 ||   266
       Static Discharge  |       |     3 |    31 |    30 ||    64
       Airstrike         |       |     5 |    55 |    16 ||    76
       Swiftness         |       |       |     1 |       ||     1
  Use: Scroll            |    11 |       |     7 |     2 ||    20
       Potion            |     1 |       |     1 |     1 ||     3
 Stab: Sleeping          |     1 |       |       |       ||     1
Armor: Robe              |    24 |     1 |    28 |       ||    53
       Steam dragon scal |       |       |       |    10 ||    10
Dodge: Dodged            |    47 |     8 |    35 |    20 ||   110

Table legend: (Time is in decaauts)
 A = Elapsed time spent in this place.
 B = Non-inter-level travel time spent in this place.
 C = Inter-level travel time spent in this place.
 D = Time resting spent in this place.
 E = Time spent auto-exploring this place.
 F = Levels seen in this place.
 G = Mean time per level.
                   A        B        C        D        E       F      G
               +--------+--------+--------+--------+--------+-----+--------+
         Total |  12213 |  11837 |    376 |   1105 |   9464 |  10 | 1221.3 |
       Dungeon |  11943 |  11625 |    318 |   1105 |   9261 |   9 | 1327.0 |
        Temple |    269 |    211 |     58 |      0 |    203 |   1 |  269.0 |
               +--------+--------+--------+--------+--------+-----+--------+

Top non-repeatable levels by time:
     D:8: 3252 daAuts
     D:4: 1622 daAuts
     D:7: 1426 daAuts
     D:6: 1275 daAuts
     D:1: 1255 daAuts
     D:2: 1136 daAuts
     D:5: 1031 daAuts
     D:3: 794 daAuts
  Temple: 269 daAuts
     D:9: 148 daAuts
